Unix NetHack Version 5.0.0-0 post-release - last build May 10 2026 23:12:36 (d1fa5d53e341ca933230fdaa984d921c805b60aa,branch:main).

Game began 2026-05-11 18:33:10, ended 2026-05-11 19:03:36.

CaptainEquinox, neutral female human Valkyrie

                                ------  -----
                                |....|  |...|
                                |.`..----@`.|
                                |.`.....@`%.|
                                |..--->---..|
                                |---------.---
                                |.^.^.<|.....|
                                |.^----|`.`..|
                                --^|   |%`...|
                                 |^-----`....|
                                 |^^^..^.....|
                                 |..----------
                                 ----

CaptainEquinox the Fighter  St:18/02 Dx:11 Co:18 In:8 Wi:9 Ch:9  Neutral
Dlvl:5  $:36 HP:0(63) Pw:16(16) AC:-6 Xp:6 T:2234 

Latest messages:
 The cave spider misses!
 What do you want to zap? [lKQ or ?*] K
 In what direction? 1
 The Woodland-elf seems to be moving slower.
 The Woodland-elf swings his elven broadsword.
 The Woodland-elf hits!
 The cave spider misses!
 You hit the Woodland-elf!
 The cave spider bites!
 In what direction? 1
 The arrow misses the Woodland-elf.
 The cave spider bites!
 You miss the Woodland-elf.
 The Woodland-elf swings his elven broadsword.
 The Woodland-elf hits!
 The cave spider bites!
 You kill the Woodland-elf!
 The cave spider misses!
 You are carrying too much to get through.
 You are carrying too much to get through.
 In what direction? 1
 The Woodland-elf wields an elven broadsword!
 The cave spider misses!
 You are carrying too much to get through.
 In what direction? 3
 The arrow hits the cave spider.
 The Woodland-elf picks up 5 arrows.
 The cave spider misses!
 In what direction? 1
 The arrow misses the Woodland-elf.
 The Woodland-elf swings her elven broadsword.
 The Woodland-elf misses!
 The cave spider misses!
 In what direction? 3
 The arrow misses the cave spider.
 The Woodland-elf swings her elven broadsword.
 The Woodland-elf just misses!
 The cave spider misses!
 In what direction? 1
 The arrow hits the Woodland-elf.
 The Woodland-elf swings her elven broadsword.
 The Woodland-elf misses!
 The cave spider bites!
 In what direction? 3
 You kill the cave spider!
 The Woodland-elf swings her elven broadsword.
 The Woodland-elf hits!
 You die...
 Do you want your possessions identified? [ynq] (y) y
 Do you want to see your attributes? [ynq] (y) q

Inventory:
 Coins    ('$')
  $ - 36 gold pieces
 Weapons  (')')
  D - 41 +0 arrows (in quiver)
  G - a +0 bow (weapon in right hand)
  n - 6 poisoned +0 shuriken
  b - a +0 dagger
  e - a +1 orcish dagger
  z - a +0 orcish dagger
 Armor    ('[')
  f - a blessed +3 orcish helm (being worn)
  C - a blessed +0 pair of gauntlets of power
  t - an uncursed +1 pair of leather gloves (being worn)
  c - an uncursed +3 small shield (being worn)
  I - an uncursed +0 elven cloak (being worn)
  x - an uncursed +0 chain mail (being worn)
 Comestibles  ('%')
  d - 4 uncursed food rations
  R - an uncursed snake egg
 Scrolls  ('?')
  y - an uncursed scroll of destroy armor
  r - a cursed scroll of enchant armor
  v - a cursed scroll of gold detection
  O - a cursed scroll of remove curse
  p - a blessed scroll of teleportation
 Spellbooks  ('+')
  j - an uncursed spellbook of cure blindness
  k - an uncursed spellbook of haste self
  s - an uncursed spellbook of levitation
 Wands    ('/')
  Q - a wand of cold (0:5)
  l - a wand of nothing (0:13)
  K - a wand of slow monster (0:6)
 Tools    ('(')
  i - a bag of tricks (0:10)
  J - an uncursed mirror
  P - an uncursed skeleton key

CaptainEquinox the Valkyrie's attributes:

Background:
 You were a Fighter, a level 6 human Valkyrie.
 You were neutral, on a mission for Odin
 who was opposed by Tyr (lawful) and Loki (chaotic).
 You were right-handed.
 You were in Sokoban, on level 5.
 You entered the dungeon 2234 turns ago.
 You had 424 experience points, 216 more were needed to attain level 7.

Basics:
 You had 0 out of 63 hit points.
 You had all 16 energy points (spell power).
 Your armor class was -6.
 Your wallet contained 36 zorkmids.
 Autopickup was off.

Final Characteristics:
 Your strength was 18/02 (limit:18/100).
 Your dexterity was 11 (limit:18).
 Your constitution was 18 (limit:18).
 Your intelligence was 8 (limit:18).
 Your wisdom was 9 (limit:18).
 Your charisma was 9 (limit:18).

Final Status:
 You weren't hungry.
 You were unencumbered.
 You were wielding a bow.
 You had no skill with bow.

Final Attributes:
 You were piously aligned.
 You were cold resistant.
 You were stealthy.
 You were warded.
 You are dead.

Miscellaneous:
 You didn't encounter any bones levels.
 Total elapsed playing time was 30 minutes and 25 seconds.

Major events:
 Turn
    1: CaptainEquinox the neutral human Valkyrie entered the dungeon
  659: attained the rank of Skirmisher (level 3)
 1675: attained the rank of Fighter (level 6)
 1781: consulted the Oracle
 2151: entered Sokoban
 2234: killed by a Woodland-elf

You didn't know any spells.

Skills:
 Fighting Skills
   bare handed combat [Unskilled]
   two weapon combat  [Unskilled]
   riding             [Unskilled]
 Weapon Skills
   dagger             [Basic]
   axe                [Unskilled]
   pick-axe           [Unskilled]
   short sword        [Unskilled]
   broadsword         [Unskilled]
   long sword         [Unskilled]
   two-handed sword   [Unskilled]
   saber              [Unskilled]
   hammer             [Unskilled]
   quarterstaff       [Unskilled]
   polearms           [Unskilled]
   spear              [Skilled]
   trident            [Unskilled]
   lance              [Unskilled]
   sling              [Unskilled]
 Spellcasting Skills
   attack spells      [Unskilled]
   escape spells      [Unskilled]

Voluntary challenges:
 Character rerolling was not enabled.
 You never genocided any monsters.
 You never polymorphed an object.
 You never changed form.
 You used no wishes.
 You did not violate any of the special Sokoban rules.
Achievements:
 You attained the rank of Skirmisher.
 You entered a shop.
 You attained the rank of Fighter.
 You consulted the Oracle of Delphi.
 You entered Sokoban.

 The Dungeons of Doom: levels 1 to 6
    Level 1:
       A fountain.
    Level 2:
       A fountain.
    Level 3:
       A fountain, a sink.
    Level 4:
       A general store.
    Level 5:
       Many fountains.
       Oracle of Delphi.
    Level 6:
       A general store, a fountain.
       Stairs up to Sokoban, level 5.
 Sokoban:
    Level 5: <- You were here.
       Unsolved.
       Final resting place for
          you, killed by a Woodland-elf.


Vanquished creatures:
  2 small mimics
  6 human zombies
  a Woodland-elf
 an imp
  a yellow light
  a violet fungus
  a gnome leader
  2 giant ants
  a little dog
  a floating eye
  a homunculus
 an orc zombie
  a werejackal
  2 iguanas
  a coyote
  4 gas spores
  a large kobold
  a hobgoblin
  a giant rat
  3 cave spiders
  2 yellow molds
  2 green molds
  a gnome zombie
  4 geckos
 13 jackals
  2 goblins
  a sewer rat
  a grid bug
  4 lichens
  3 kobold zombies
  2 newts
68 creatures vanquished.

No species were genocided or became extinct.

Game over:
                       ----------
                      /          \
                     /    REST    \
                    /      IN      \
                   /     PEACE      \
                  /                  \
                  |  CaptainEquinox  |
                  |      36 Au       |
                  |   killed by a    |
                  |   Woodland-elf   |
                  |                  |
                  |                  |
                  |       2026       |
                 *|     *  *  *      | *
        _________)/\\_//(\/(/\)/\//\/|_)_______

Farvel CaptainEquinox the Valkyrie...

You died in Sokoban on dungeon level 5 with 2020 points,
and 36 pieces of gold, after 2234 moves.
You were level 6 with a maximum of 63 hit points when you died.

